Cogmind - Beta 15 @@@ ROGUE MODE // 2025.07.09 @ 22:28:03 Player: Inverisimilidude Result: Destroyed by S-43 Plague with Heavy Machine Gun Performance ------------- Evolutions (8) 4000 Regions Visited (8) 1600 Robots Destroyed (37) 185 Value Destroyed (970) 970 Prototype IDs (0) 0 Alien Tech Used (0) 0 Bonus (0) 0 TOTAL SCORE: 6755 Bonus ------- None Cogmind --------- Core Integrity 0/1450 Matter 45/300 Energy 99/100 System Corruption 0% Temperature Cool (0) Movement Core (50) Location -2/Research Parts ------- > --- POWER (2) -------- (None) > --- PROPULSION (10) -- (None) > --- UTILITY (7) ------ (None) > --- WEAPON (4) ------- (None) > --- INVENTORY (5) ---- Small Storage Unit Large Storage Unit Subdweller Beam Cannon Battle Cannon Peak State ------------ > --- POWER ------------ Light Ion Engine > --- PROPULSION ------- Improved Aluminum Leg Improved Aluminum Leg Improved Aluminum Leg > --- UTILITY ---------- Large Storage Unit Subdweller Optics Targeting Computer > --- WEAPON ----------- Subdweller Beam Cannon Heavy Battle Rifle Battle Cannon Subdweller Shrapnel Launcher > --- INVENTORY -------- Compact Wheel Small Storage Unit [Rating: 21] Favorites ----------- Power Light Ion Engine Engine Light Ion Engine Propulsion Improved Aluminum Leg Leg Improved Aluminum Leg Wheel Compact Wheel Utility Small Storage Unit Device Subdweller Optics Storage Small Storage Unit Processor Targeting Computer Protection Core Shielding Weapon Heavy Battle Rifle Energy Gun Medium Laser Energy Cannon Subdweller Beam Cannon Ballistic Gun Heavy Battle Rifle Ballistic Cannon Battle Cannon Launcher Subdweller Shrapnel Launcher Build | -11 -10 -10 -10 -7 -5 -4 -3 -2 ------- Run | Yrd Mat Min Sub Rec Fac Fac Res Res Slots Evolved 16 | . . . . . 10 2 2 2 Power 1 | . . . . . . 1 . . Propulsion 8 | . . . . . 4 . 2 2 Utility 5 | . . . . . 4 1 . . Weapon 2 | . . . . . 2 . . . Parts Attached 33 | 6 14 1 8 . 4 . . . Power 6 | 1 3 . 2 . . . . . Engine 6 | 1 3 . 2 . . . . . Core . | . . . . . . . . . Reactor . | . . . . . . . . . Propulsion 13 | 2 7 . 2 . 2 . . . Treads . | . . . . . . . . . Leg 12 | 2 7 . 2 . 1 . . . Wheel 1 | . . . . . 1 . . . Hover . | . . . . . . . . . Flight . | . . . . . . . . . Utility 5 | 1 2 1 . . 1 . . . Device 1 | . . . . . 1 . . . Storage 2 | 1 1 . . . . . . . Processor 1 | . . 1 . . . . . . Hackware . | . . . . . . . . . Protection 1 | . 1 . . . . . . . Artifact . | . . . . . . . . . Weapon 9 | 2 2 . 4 . 1 . . . Energy Gun 2 | . 1 . 1 . . . . . Energy Cannon 1 | . . . 1 . . . . . Ballistic Gun 4 | 2 1 . 1 . . . . . Ballistic Cannon 1 | . . . . . 1 . . . Launcher 1 | . . . 1 . . . . . Special Weapon . | . . . . . . . . . Impact Weapon . | . . . . . . . . . Slashing Weapon . | . . . . . . . . . Piercing Weapon . | . . . . . . . . . Special Melee Weapon . | . . . . . . . . . Unidentified Prototypes . | . . . . . . . . . Parts Lost 12 | . 4 . 3 . 5 . . . Power 3 | . 1 . 1 . 1 . . . Propulsion 5 | . 1 . 2 . 2 . . . Utility . | . . . . . . . . . Weapon 4 | . 2 . . . 2 . . . Highest Loss Streak 3 | . 3 . 1 . 2 . . . To Critical Strikes . | . . . . . . . . . Average Backups 6 | 2 6 8 7 6 3 4 4 4 Power . | . . 1 . . . . . . Propulsion 2 | 1 3 5 3 2 . . . . Utility 1 | . . 1 1 2 1 2 2 2 Weapon 1 | . 1 1 1 2 . 2 2 2 Tool/Special . | . . . . . . . . . Unused Backups 4 | . 2 1 1 . . . . . Power . | . . . . . . . . . Propulsion 3 | . 2 . 1 . . . . . Utility . | . . . . . . . . . Weapon 1 | . . 1 . . . . . . Tool/Special . | . . . . . . . . . Average Slot Usage (%) 78 | . 91 100 98 100 44 . . . Engine 11 | . 14 14 14 14 4 . . . Leg 21 | . 28 28 26 28 10 . . . Storage 10 | . 14 14 14 14 3 . . . Processor 7 | . . 3 14 14 4 . . . Protection 2 | . 6 10 . . . . . . Energy Gun 2 | . 3 14 2 . . . . . Energy Cannon 4 | . . . 10 . 2 . . . Ballistic Gun 12 | . 24 14 14 14 1 . . . Launcher 1 | . . . . 14 4 . . . Peak Build Rating 21 | 6 10 10 15 14 21 . . . Average Rating 10 | 4 6 9 13 14 13 . . . On Entrance 6 | . 6 10 10 14 14 . . . Naked Turns 399 | . . . . . 14 176 112 97 Heaviest Build 48 | 12 29 14 22 20 48 . . . Greatest Support 39 | 20 26 26 26 26 39 3 3 3 Greatest Overweight (x) 4 | 1 1 . 1 . 4 . . . Average Overweight (x) . | . . . . . . . . . Largest Inventory Capacity 15 | 8 15 8 8 8 15 5 5 5 Average Capacity 8 | 6 8 8 8 8 12 5 5 5 Most Carried 8 | 4 8 8 8 6 6 4 4 4 Average Carried 6 | 2 6 7 7 6 2 4 4 4 Final Capacity 8 | 8 8 8 8 8 5 5 5 5 Final Carried 8 | 4 8 8 6 6 4 4 4 4 Class Distribution -------------------- 93% | Mutant 6% | Gunner Dominant Class ---------------- Mutant | -10/Materials Mutant | -10/Mines Mutant | -10/Subcaves Mutant | -7/Recycling Gunner | -5/Factory Mutant | -4/Factory Mutant | -3/Research Mutant | -2/Research Resources | -11 -10 -10 -10 -7 -5 -4 -3 -2 ----------- Run | Yrd Mat Min Sub Rec Fac Fac Res Res Matter Collected 768 | 258 317 66 127 . . . . . Remotely . | . . . . . . . . . Salvage Created 997 | . 480 74 289 . 154 . . . Parts 63 | . 25 5 17 . 16 . . . Haulers Intercepted . | . . . . . . . . . Recyclers Shooed 1 | . 1 . . . . . . . Parts Field Recycled . | . . . . . . . . . Retrieved Matter . | . . . . . . . . . Parts Self-Destructed 4 | . . . 4 . . . . . Prevented . | . . . . . . . . . Kills | -11 -10 -10 -10 -7 -5 -4 -3 -2 ------- Run | Yrd Mat Min Sub Rec Fac Fac Res Res Combat Hostiles Destroyed 29 | . 12 2 10 . 5 . . . Guns 18 | . 12 2 4 . . . . . Cannons 3 | . . . 2 . 1 . . . AOE 8 | . . . 4 . 4 . . . Classes Destroyed 7 | . 3 . 2 . 2 . . . Worker 3 | . . . . . 3 . . . Builder 2 | . . . . . 2 . . . Recycler 1 | . 1 . . . . . . . Turret 2 | . . . 2 . . . . . Swarmer 11 | . 3 . 4 . 4 . . . Grunt 12 | . 9 2 . . 1 . . . Subdweller 6 | . . . 6 . . . . . Best Kill Streak 6 | . 3 2 6 . 6 . . . Combat Bots Only 4 | . 3 2 4 . 3 . . . Max Kills in Single Turn 6 | . 2 1 3 . 6 . . . Gunslinging 1 | . 1 . . . . . . . Exploded 3 | . . . 3 . 2 . . . Melee . | . . . . . . . . . Uniques/NPCs Destroyed . | . . . . . . . . . Combat | -11 -10 -10 -10 -7 -5 -4 -3 -2 -------- Run | Yrd Mat Min Sub Rec Fac Fac Res Res Hostile Shots Fired 386 | . 76 11 47 . 79 21 40 112 Missed 119 | . 13 1 11 . 29 5 16 44 Hits 267 | . 63 10 36 . 50 16 24 68 Melee 9 | . . . . . . 9 . . Projectile 258 | . 63 10 36 . 50 7 24 68 AOE 2 | . . . 2 . . . . . Critical Strikes 10 | . . . 2 . 2 4 1 1 Damage Taken 4693 | . 731 137 667 . 902 451 337 1468 Core 2965 | . 123 21 92 . 473 451 337 1468 Absorbed by Shields 53 | . . . . . . . . 53 Redirected to Shielding 13 | . 8 5 . . . . . . Core Remaining (%) 58 | 100 . . . 5 52 60 74 . Volleys Fired 94 | . 56 5 26 . 7 . . . Largest 3 | . 2 2 2 . 3 . . . Hottest 146 | . 70 70 113 . 146 . . . Shots Fired 180 | . 108 10 47 . 15 . . . Gun 155 | . 108 10 33 . 4 . . . Cannon 16 | . . . 8 . 8 . . . Launcher 9 | . . . 6 . 3 . . . Special . | . . . . . . . . . Kinetic 144 | . 100 5 28 . 11 . . . Thermal 36 | . 8 5 19 . 4 . . . Explosive . | . . . . . . . . . Electromagnetic . | . . . . . . . . . Robot Hit Streak 12 | . 12 3 8 . 5 . . . Robot Miss Streak 4 | . 3 1 2 . 4 . . . Penetration Max . | . . . . . . . . . Secondary Targets 1 | . 1 . . . . . . . Max Gunslinging Chain 1 | . 1 . . . . . . . Shots Hit Robots 117 | . 72 7 31 . 7 . . . Core Hits 65 | . 27 6 18 . 14 . . . Critical Kills . | . . . . . . . . . Critical Parts Destroyed 2 | . 2 . . . . . . . Critical Strikes 4 | . 3 . . . 1 . . . Burn 1 | . 1 . . . . . . . Destroy 2 | . 2 . . . . . . . Blast 1 | . . . . . 1 . . . Melee Attacks . | . . . . . . . . . Impact . | . . . . . . . . . Slashing . | . . . . . . . . . Piercing . | . . . . . . . . . Sneak Attacks . | . . . . . . . . . Combat Hostiles . | . . . . . . . . . Follow-up Attacks . | . . . . . . . . . Damage Inflicted 2957 | . 807 85 1059 . 983 23 . . Guns 1395 | . 800 85 480 . 30 . . . Cannons 251 | . . . 140 . 111 . . . Explosions 1281 | . . . 439 . 842 . . . Melee . | . . . . . . . . . Ramming 30 | . 7 . . . . 23 . . Kinetic 2511 | . 761 35 762 . 953 . . . Thermal 416 | . 39 50 297 . 30 . . . Explosive . | . . . . . . . . . Electromagnetic . | . . . . . . . . . Impact . | . . . . . . . . . Slashing . | . . . . . . . . . Piercing . | . . . . . . . . . Highest Corruption 1 | . 1 1 1 1 1 . . . Average Corruption 1 | . 1 1 1 1 1 . . . Corruption Purged . | . . . . . . . . . Corruption Blocked . | . . . . . . . . . Effects 15 | . 4 . 7 3 1 . . . Message Errors 5 | . 1 . 3 1 . . . . Matter Fused 2 | . 1 . 1 . . . . . Heat Flow Errors 3 | . . . 3 . . . . . Energy Discharges 4 | . 1 . . 2 1 . . . Data Loss (minor) 1 | . 1 . . . . . . . Overload Shots . | . . . . . . . . . Overflow Damage 49 | . . . . . 49 . . . Projectiles 2 | . . . . . 2 . . . Explosions 47 | . . . . . 47 . . . Melee . | . . . . . . . . . Knockbacks 1 | . . . . . 1 . . . Impact . | . . . . . . . . . Kinetic 1 | . . . . . 1 . . . Secondary . | . . . . . . . . . Self-Inflicted Damage 83 | . . . . . 72 11 . . Shots 2 | . . . . . 2 . . . Rammed 4 | . . . . . . 4 . . Targets Rammed 6 | . 2 . . . . 4 . . Kicked 2 | . 2 . . . . . . . Crushed . | . . . . . . . . . Highest Temperature 240 | . 193 145 240 . 90 . . . Average Temperature 50 | . 42 82 56 . 36 . . . Received Heat Transfer 847 | . 402 75 195 . 90 27 58 . Siege Activations . | . . . . . . . . . Martial Activations . | . . . . . . . . . Shielding Activations . | . . . . . . . . . Robots Disrupted . | . . . . . . . . . Combat Hostiles . | . . . . . . . . . Robots Corrupted . | . . . . . . . . . Combat Hostiles . | . . . . . . . . . Parts Fried . | . . . . . . . . . Impact Corruptions . | . . . . . . . . . Robots Melted . | . . . . . . . . . Combat Hostiles . | . . . . . . . . . Parts Melted 1 | . . . 1 . . . . . Heat Transferred 755 | . 185 148 385 . 37 . . . Parts Sabotaged . | . . . . . . . . . Parts Stolen . | . . . . . . . . . Parts Stripped . | . . . . . . . . . Power Chain Reactions . | . . . . . . . . . Alert | -11 -10 -10 -10 -7 -5 -4 -3 -2 ------- Run | Yrd Mat Min Sub Rec Fac Fac Res Res Maximum Alert Level . | . . . . . . . . . Low Security (%) 100 | 100 100 100 . 100 100 100 100 100 Level 1 . | . . . . . . . . . Level 2 . | . . . . . . . . . Level 3 . | . . . . . . . . . Level 4 . | . . . . . . . . . Level 5 . | . . . . . . . . . High Security . | . . . . . . . . . Max Security . | . . . . . . . . . Peak Influence 135 | . 135 80 . 48 90 21 15 43 Initial 48 | . . 30 . 48 . 21 . 8 Average 38 | . 72 30 . 13 39 3 1 15 Influence Increases 913 | . 381 50 120 . 272 . 15 75 Destroy 0b10 Robot/C 500 | . 240 40 120 . 100 . . . Destroy 0b10 Robot/NC 30 | . 5 . . . 25 . . . Destroy Leader 80 | . 60 10 . . 10 . . . Disable Machine 15 | . . . . . 15 . . . Destroy Structure 63 | . 1 . . . 62 . . . Partial Spotted 15 | . . . . . . . . 15 Lose Combat Pursuer 210 | . 75 . . . 60 . 15 60 Influence Decreases 870 | . 302 129 18 102 228 44 . 47 Entered New Map 133 | . . 49 . 54 . 23 . 7 Time Decay 637 | . 262 80 8 48 178 21 . 40 Lost Part 100 | . 40 . 10 . 50 . . . Squads Dispatched 9 | . 3 . . . 3 2 1 . Investigation 1 | . 1 . . . . . . . Extermination 2 | . . . . . 1 1 . . Reinforcement 6 | . 2 . . . 2 1 1 . Assault . | . . . . . . . . . Garrison . | . . . . . . . . . Intercept . | . . . . . . . . . Searches Triggered . | . . . . . . . . . Construction Impeded 2 | . . . . . 2 . . . Haulers Reinforced . | . . . . . . . . . Active Scanning Responses . | . . . . . . . . . Cargo Convoy Interrupts . | . . . . . . . . . Stealth | -11 -10 -10 -10 -7 -5 -4 -3 -2 --------- Run | Yrd Mat Min Sub Rec Fac Fac Res Res Distress Signals 4 | . 1 1 . . 1 . 1 . Communications Jammed . | . . . . . . . . . Distress Signals . | . . . . . . . . . Times Spotted 92 | . 25 3 18 . 18 5 8 15 Peak Tracking Total 10 | . 6 2 6 . 8 5 6 10 Tactical Retreats 10 | . 3 . 1 . 3 . 1 2 Traps | -11 -10 -10 -10 -7 -5 -4 -3 -2 ------- Run | Yrd Mat Min Sub Rec Fac Fac Res Res Traps Triggered 6 | . 2 . . . 3 . . 1 Indirectly . | . . . . . . . . . Trap Hack Attempts . | . . . . . . . . . Triggered . | . . . . . . . . . Disarmed . | . . . . . . . . . Reprogrammed . | . . . . . . . . . Reused . | . . . . . . . . . Traps Extracted . | . . . . . . . . . Installed . | . . . . . . . . . Triggered . | . . . . . . . . . Machines | -11 -10 -10 -10 -7 -5 -4 -3 -2 ---------- Run | Yrd Mat Min Sub Rec Fac Fac Res Res Machines Disabled 5 | . . . 4 . 1 . . . Max in Single Turn 2 | . . . 2 . 1 . . . Machines Repaired . | . . . . . . . . . Machines Dismantled . | . . . . . . . . . Machines Sabotaged . | . . . . . . . . . Overloaded Fab Kills . | . . . . . . . . . Hacking | -11 -10 -10 -10 -7 -5 -4 -3 -2 --------- Run | Yrd Mat Min Sub Rec Fac Fac Res Res Machines Accessed 1 | . . . 1 . . . . . Terminals . | . . . . . . . . . Fabricators . | . . . . . . . . . Repair Stations . | . . . . . . . . . Recycling Units . | . . . . . . . . . Scanalyzers . | . . . . . . . . . Garrison Access . | . . . . . . . . . Total Hacks 4 | . . . 4 . . . . . Successful 4 | . . . 4 . . . . . Failed . | . . . . . . . . . Catastrophic . | . . . . . . . . . Database Lockouts . | . . . . . . . . . Manual 1 | . . . 1 . . . . . Terminals . | . . . . . . . . . Fabricators . | . . . . . . . . . Repair Stations . | . . . . . . . . . Recycling Units . | . . . . . . . . . Scanalyzers . | . . . . . . . . . Garrison Access . | . . . . . . . . . Terminal Hacks 4 | . . . 4 . . . . . Record 4 | . . . 4 . . . . . Fabricator Hacks . | . . . . . . . . . Repair Station Hacks . | . . . . . . . . . Recycling Unit Hacks . | . . . . . . . . . Scanalyzer . | . . . . . . . . . Garrison Access Hacks . | . . . . . . . . . Unauthorized Hacks . | . . . . . . . . . Terminals . | . . . . . . . . . Fabricators . | . . . . . . . . . Repair Stations . | . . . . . . . . . Recycling Units . | . . . . . . . . . Scanalyzers . | . . . . . . . . . Garrison Access . | . . . . . . . . . Data Cores Recovered . | . . . . . . . . . Used . | . . . . . . . . . Hacking Detections . | . . . . . . . . . Full Trace Events . | . . . . . . . . . Feedback Events . | . . . . . . . . . Feedback Blocked . | . . . . . . . . . Robot Schematics Acquired . | . . . . . . . . . Robots Built . | . . . . . . . . . Authchips . | . . . . . . . . . Time . | . . . . . . . . . Total Robot Build Rating . | . . . . . . . . . Part Schematics Acquired . | . . . . . . . . . Parts Built . | . . . . . . . . . Authchips . | . . . . . . . . . Time . | . . . . . . . . . Total Part Build Rating . | . . . . . . . . . Parts Repaired . | . . . . . . . . . Time . | . . . . . . . . . Parts Recycled . | . . . . . . . . . Recycled Matter . | . . . . . . . . . Retrieved Matter . | . . . . . . . . . Retrieved Components . | . . . . . . . . . Parts Scanalyzed . | . . . . . . . . . Part Schematics Acquired . | . . . . . . . . . Parts Damaged . | . . . . . . . . . Bothacking | -11 -10 -10 -10 -7 -5 -4 -3 -2 ------------ Run | Yrd Mat Min Sub Rec Fac Fac Res Res Used RIF Installer . | . . . . . . . . . Robots Hacked . | . . . . . . . . . Non-combat . | . . . . . . . . . Combat . | . . . . . . . . . Robot Hacks Applied . | . . . . . . . . . Relay Couplers Released . | . . . . . . . . . Fabnet Peak Effective % . | . . . . . . . . . Robots Rewired . | . . . . . . . . . Allies Hacked . | . . . . . . . . . Hacks Repelled . | . . . . . . . . . Allies | -11 -10 -10 -10 -7 -5 -4 -3 -2 -------- Run | Yrd Mat Min Sub Rec Fac Fac Res Res Total Allies . | . . . . . . . . . Largest Group . | . . . . . . . . . Highest-Rated Group . | . . . . . . . . . Highest-Rated Ally . | . . . . . . . . . Total Orders . | . . . . . . . . . Ally Attacks . | . . . . . . . . . Total Damage . | . . . . . . . . . Kills . | . . . . . . . . . Allies Corrupted . | . . . . . . . . . Allies Melted . | . . . . . . . . . Intel | -11 -10 -10 -10 -7 -5 -4 -3 -2 ------- Run | Yrd Mat Min Sub Rec Fac Fac Res Res Active Infowar (turns) 308 | . . . . . 308 . . . Optics 308 | . . . . . 308 . . . Robot Analysis Total . | . . . . . . . . . Derelict Logs Recovered 3 | . . 1 2 . . . . . Drone Launches . | . . . . . . . . . Drone Recoveries . | . . . . . . . . . Exploration | -11 -10 -10 -10 -7 -5 -4 -3 -2 ------------- Run | Yrd Mat Min Sub Rec Fac Fac Res Res Turns Passed 3313 | 76 667 219 1360 201 405 176 112 97 Spaces Moved 2801 | 63 378 163 1033 149 275 335 224 181 Core 794 | 23 . . . . 31 335 224 181 Treads . | . . . . . . . . . Legs 1945 | 40 378 163 1033 149 182 . . . Wheels 62 | . . . . . 62 . . . Hover . | . . . . . . . . . Flight . | . . . . . . . . . Fastest Speed 50 | 50 120 120 120 120 50 50 50 50 Average Speed 103 | 100 120 120 122 120 137 50 50 50 Slowest Speed 250 | 120 190 120 190 120 250 50 50 50 Overloaded Moves . | . . . . . . . . . Propulsion Burnouts . | . . . . . . . . . Robots Hopped . | . . . . . . . . . Potential Cave-ins . | . . . . . . . . . Cave-ins Triggered . | . . . . . . . . . Exploration Rate (%) 22 | 3 59 26 39 35 14 5 11 6 Regions Visited 8 Branch Regions 3 Pre-discovered Areas 2 | . . 1 1 . . . . . Known Exits Taken 1 | . . . 1 . . . . . Unknown Exits Taken 7 | 1 1 1 . 1 1 1 1 . Scrap Searched 6 | . . 1 5 . . . . . Spaces Dug . | . . . . . . . . . Terrain Destroyed 103 | . . . 74 . 29 . . . Melee . | . . . . . . . . . Projectile . | . . . . . . . . . AOE 103 | . . . 74 . 29 . . . Terrain Rammed . | . . . . . . . . . Walls Destroyed . | . . . . . . . . . Machines Disabled . | . . . . . . . . . Actions | -11 -10 -10 -10 -7 -5 -4 -3 -2 --------- Run | Yrd Mat Min Sub Rec Fac Fac Res Res Total 3039 | 72 493 178 1082 171 291 342 223 187 Wait 63 | . 23 7 6 23 . 4 . . Move 2793 | 62 377 162 1032 148 274 334 223 181 Hop . | . . . . . . . . . Pick Up 18 | 4 10 1 3 . . . . . Fast Attach 9 | 6 1 1 1 . . . . . Attach 13 | . 4 . 3 . 6 . . . Detach 4 | . . . . . 4 . . . Swap 15 | . 10 . 5 . . . . . Drop 18 | . 10 2 6 . . . . . Fire 94 | . 56 5 26 . 7 . . . Melee . | . . . . . . . . . Ram 4 | . . . . . . 4 . . Kick 2 | . 2 . . . . . . . Crush . | . . . . . . . . . Escape Stasis 6 | . . . . . . . . 6 Rewire . | . . . . . . . . . Trap . | . . . . . . . . . Miscellaneous . | . . . . . . . . . Route ------- -11/Scrapyard -10/Materials -10/Mines -10/Subcaves (discovered 3 exits: Mat x2 / *Rec) -7/Recycling -5/Factory -4/Factory -3/Research -2/Research History --------- Turn | Location | Event 28 | -11/Scrapyard | Discovered new exit (range 16) 77 | -11/Scrapyard | Entered Materials 306 | -10/Materials | Build established: Mutant 446 | -10/Materials | Lost 3 parts (1p1n1w) 723 | -10/Materials | Discovered new exit (range 15) 744 | -10/Materials | Entered Mines 746 | -10/Mines | Core integrity fell below 50% 786 | -10/Mines | Learned location of Mines (-9) 795 | -10/Mines | Met a Derelict bent on vengeance 836 | -10/Mines | Assembled infested the area 841 | -10/Mines | Assisted by a Guerilla fighting off Assembled 895 | -10/Mines | A weapon hastily lodged in a ceiling crevice suddenly fell to the ground 944 | -10/Mines | Discovered new exit (range 13) 963 | -10/Mines | Entered Subcaves 964 | -10/Subcaves | Shifting Twisted Machinery released Sub. Laser 1134 | -10/Subcaves | Ambushed by swarm of Subdwellers 1194 | -10/Subcaves | Lost 3 allies 1568 | -10/Subcaves | Visited Clippyterm 1572 | -10/Subcaves | Identified exit to Recycling 1572 | -10/Subcaves | Identified exit to Materials 1664 | -10/Subcaves | A swath of the cavern ceiling suddenly collapsed 2011 | -10/Subcaves | Core integrity fell below 20% 2323 | -10/Subcaves | Entered Recycling 2324 | -7/Recycling | Met a Zionite searching for Scraptown 2516 | -7/Recycling | Discovered new exit (range 8) 2524 | -7/Recycling | Entered Factory 2524 | -5/Factory | Evolved 10 slots: Propulsion x4, Utility x4, Weapon x2 2915 | -5/Factory | Released all parts (2) 2922 | -5/Factory | Discovered new exit (range 13) 2929 | -5/Factory | Entered another Factory area 2929 | -4/Factory | Evolved 2 slots: Power x1, Utility x1 3102 | -4/Factory | Discovered new exit (range 5) 3105 | -4/Factory | Entered Research 3105 | -3/Research | Evolved 2 slots: Propulsion x2 3210 | -3/Research | Discovered new exit (range 16) 3217 | -3/Research | Entered another Research area 3217 | -2/Research | Evolved 2 slots: Propulsion x2 3276 | -2/Research | Core integrity fell below 50% 3310 | -2/Research | Core integrity fell below 20% 3314 | -2/Research | Destroyed by S-43 Plague with Heavy Machine Gun Last Messages --------------- 03207_ Critical hit (Burn: +50). 03210_ EXIT=FOUND 03213_ ALERT: Security rotation in progress. PARAMETERS=PROPULSION+2 LOCATION=UNKNOWN GOAL=ESCAPE 03236_ ALERT: All DSF locations entering lockdown mode. 03267_ Triggered Stasis Trap. 03267_ A bubble of rippling energy engulfs the area. 03267_ Field strength at 94. 03268_ Field strength at 88. 03269_ Field strength at 82. 03270_ Field strength at 70. 03271_ Field strength at 51. 03272_ Field strength at 40. 03273_ Field strength at 16. 03274_ Stasis field depleted. 03287_ S-43 Plague destroyed. Map ----- +----------------------------------------------------+ | | | | | | | | | | | | | ???????????######????????????????????????????????? | | ??????????? = #???????????????????????????????? | | ??????????# #???????????????????????????????? | | ??????????# #???????????????????????????????? | | ########### #???????????????????????????????? | | # # #???????????????????????????????? | | #! ! # #???????????????????????????????? | | # # #???????????????????????????????? | | / """" # #???????????????????????????????? | | # """" # #???????????????????????????????? | | # """" # #???????????????????????????????? | | # """" # #???????????????????????????????? | | # # #???????????????????????????????? | | # # ????????????????##+####??????????? | | ##+##+######+#############+### #??????????? | | ss s s ???????????? | | s T" ???????????? | | " +??????????? | | ### #??????????? | | ??# w @ u #??????????? | | ??####+#############t########## #??????????? | | ??????????????????? ????????????? ###??????????? | | ??????????????????? *???????????????????????????? | | ?????????????????? #??????????????????????????? | | ?????????????????? #??????????????????????????? | | ????????????????? #??????????????????????????? | | ????????????????? #??????????????????????????? | | ???????????????? #??????????????????????????? | | ???????????????? #??????????????????????????? | | ???????????????########??????????????????????????? | | ?????????????????????????????????????????????????? | | ?????????????????????????????????????????????????? | | ?????????????????????????????????????????????????? | | ?????????????????????????????????????????????????? | | ?????????????????????????????????????????????????? | | ?????????????????????????????????????????????????? | | ?????????????????????????????????????????????????? | | ?????????????????????????????????????????????????? | | ?????????????????????????????????????????????????? | | ?????????????????????????????????????????????????? | | ?????????????????????????????????????????????????? | | ?????????????????????????????????????????????????? | | ?????????????????????????????????????????????????? | | ?????????????????????????????????????????????????? | +----------------------------------------------------+ Best States ------------- Heat Dissipation 49 Energy Generation 15 Energy Capacity 250 Matter Stores 300 Matter Capacity 300 Sight Range 21 Terrain Scan Density 10 Core Shielding 20 Evasion (%) 55 Targeting Accuracy 5 Item Schematics ----------------- None Robot Schematics ------------------ None Fabricated ------------ Nothing Repaired ---------- Nothing Alien Tech Used ----------------- None Achievements -------------- None Challenges ------------ None Game ------ Seed PlexusRapidNukerbomber Manual? 0 Play Time 00:33:02 Cumulative 37.2 hours Start 2025.07.09 @ 21:56:04 End 2025.07.09 @ 22:28:03 Sessions 1 Manual Loads 0 Difficulty Rogue Special Mode None Game No. 46 Rogue 46 Adventurer 0 Explorer 0 Win Type - Total 0 Types 0/0/0/0/0/0/0/0/0/0 Lore% 20 Gallery% 27 Achievement% 28 Wizard Run 0 Options --------- Layout 1 ASCII 0 Keyboard 0 Movement Arrows Keybinds 0 Fullscreen 1 Font 24/Smallcaps Map View 50x35 Zoom Use 0% Tactical HUD 1 Map Filters NONE Filters NONE Steam 1 RUN: b5208fb3-e1fb-4fb2-a61f-6c5a8be3cead